 Dungeon Crawl Stone Soup version 0.31-a0-986-g5e6e4ef867 (webtiles) character file.

Game seed: 273718601150862415

100 promet the Chucker (level 4, -3/57 HPs)
             Began as a Minotaur Wanderer on Nov 4, 2023.
             Slain by Edmund
             ... wielding a +0 dire flail of protection
              (10 damage)
             ... on level 3 of the Dungeon on Nov 5, 2023.
             The game lasted 00:11:02 (2574 turns).

promet the Chucker (Minotaur Wanderer)              Turns: 2574, Time: 00:11:03

Health: -3/57      AC: 22    Str: 18    XL:     4   Next: 46%
Magic:  3/3        EV:  2    Int: 10    God:
Gold:   108        SH:  0    Dex:  9    Spells: 3/3 levels left

rFire   . . .        a - +0 mace (spect)
rCold   . . .        (no shield)
rNeg    . . .        d - melded +0 ring mail
rPois   +            (helmet currently unavailable)
rElec   .            (cloak currently unavailable)
rCorr   .            (gloves currently unavailable)
SInv    .            (boots currently unavailable)
Will    .....        (no amulet)
Stlth   +            (no ring)
HPRegen 0.29/turn    (no ring)
MPRegen 0.08/turn

%: no passive effects
@: tree-form (expiring)
A: stationary, stasis, torment immunity, boosted hp, (horns 2), (retaliatory
headbutt)
a: no special abilities


You were on level 3 of the Dungeon.
You were a tree.
You visited 1 branch of the dungeon, and saw 4 of its levels.

You collected 108 gold pieces.

Inventory:

Hand Weapons
 a - a +0 spectral mace (weapon)
 c - a +0 quarterstaff
 i - a +2 dagger
Missiles
 b - 3 curare-tipped darts
 j - 19 stones
 k - 4 boomerangs (quivered)
 m - 5 poisoned darts
Armour
 d - a +0 ring mail (melded)
 g - a +0 chain mail
Jewellery
 p - a ring of ice
Scrolls
 e - a scroll of fear
 o - 2 scrolls of fog
Potions
 f - a potion of heal wounds {unknown}
 l - a potion of curing
 n - a potion of lignification
 q - a potion of attraction {unknown}


   Skills:
 * Level 3.0 Fighting
 + Level 0.5 Short Blades
 + Level 1.7(1.9) Maces & Flails
 + Level 1.2(1.7) Staves
 + Level 5.4 Throwing
 + Level 4.3 Armour


You had 3 spell levels left.
You didn't know any spells.
Your spell library contained the following spells:

 Spells                   Type           Power      Damage    Failure   Level
 Foxfire                  Conj/Fire      0%         2x1d4     36%         1
 Wereblood                Tmut           0%         N/A       50%         2
 Irradiate                Conj/Tmut      0%         3d11      100%        5
 Plasma Beam              Fire/Air       0%         2x1d10    100%        6
 Starburst                Conj/Fire      0%         6d3       100%        6


Dungeon Overview and Level Annotations

Branches:
Dungeon (4/15)
 Temple: D:4-7

Altars:
Fedhas

Annotations:
D:3 Edmund


Innate Abilities, Weirdness & Mutations

You are a tree.
Your roots penetrate the ground, keeping you stationary.
You cannot be teleported.
You are immune to unholy pain and torment.
Your maximum health is greatly increased.
Your equipment is partially melded.
((You have a pair of horns on your head.))
((You reflexively headbutt those who attack you in melee.))


Message History

Edmund hits you with a +0 dire flail of protection.
* * * LOW HITPOINT WARNING * * *
You miss Edmund.
Edmund is severely wounded.
Your +0 spectral mace hits Edmund.
Edmund hits you with a +0 dire flail of protection.
* * * LOW HITPOINT WARNING * * *
You closely miss Edmund.
Edmund is severely wounded.
Your +0 spectral mace hits Edmund but does no damage.
You feel less invigorated.
You feel less confused. Edmund hits you but does no damage.
Edmund hits you with a +0 dire flail of protection.
You hit Edmund but do no damage.
Edmund is severely wounded.
Your +0 spectral mace hits Edmund.
Edmund hits you but does no damage.
You barely miss Edmund.
Edmund is almost dead.
Your +0 spectral mace hits Edmund but does no damage.
Edmund hits you with a +0 dire flail of protection!
* * * LOW HITPOINT WARNING * * *
You hit Edmund.
Edmund is almost dead.
Your +0 spectral mace hits Edmund but does no damage.
Edmund hits your +0 spectral mace with a +0 dire flail of protection!
Your spectral weapon shares its damage with you!
* * * LOW HITPOINT WARNING * * *
Edmund barely misses your +0 spectral mace.
Edmund is nearby!
You barely miss Edmund.
Edmund is almost dead.
Your +0 spectral mace closely misses Edmund.
Edmund hits you but does no damage.
You closely miss Edmund.
Edmund is almost dead.
Your +0 spectral mace barely misses Edmund.
Edmund hits you with a +0 dire flail of protection!
You die...
Edmund says, "I'd like to see a scythe do that!"

##...## #.####..####...#
#..######.# #..###....#
##.....#...## #..###....#
#...........###..##..#...
###............###..#..##..
#..............####....###.
#.#...............##...###.
#.#.#.........#....#######.
#.......(@♣..##........####
##..#.#....#####........##..
#...#.#)...# #..........##
#.###.###..# ##....)..##.##
#.#.....#..# #.........#..#
#.#######.## #.........##..
##.~≈≈≈≈≈~.# ##..........##.
#..#######.# #..####..##)##.
#..#.....#.# #.#####.###.†).


You could see Edmund and a friendly +0 spectral mace.

Vanquished Creatures
  Jessica (D:2)
  An adder (D:3)
  4 dart slugs
  2 orcs (D:3)
  4 ball pythons
  5 bats
  5 endoplasms
  4 giant cockroaches
  6 goblins
  4 hobgoblins (D:3)
  4 quokkas
  4 frilled lizards
  2 kobolds
  6 rats
52 creatures vanquished.

Notes
Turn   | Place    | Note
-------+----------+-------------------------------------------
     0 | D:1      | promet the Minotaur Wanderer began the quest for the Orb.
     0 | D:1      | promet set off with the following items: a +2 dagger, 3
                  | curare-tipped darts, a +0 quarterstaff, a +0 ring mail, a
                  | scroll of fear.
     0 | D:1      | Reached XP level 1. HP: 16/16 MP: 0/0
   345 | D:1      | Reached XP level 2. HP: 21/24 MP: 1/1
   861 | D:2      | Reached XP level 3. HP: 25/29 MP: 2/2
   929 | D:2      | Noticed Jessica
   937 | D:2      | Killed Jessica
   938 | D:2      | Reached skill level 1 in Maces & Flails
  1118 | D:2      | Found a blossoming altar of Fedhas.
  1418 | D:2      | Reached XP level 4. HP: 37/37 MP: 3/3
  2537 | D:4      | Noticed Edmund
  2562 | D:3      | HP: 1/57 [Edmund/+0 dire flail of protection (5)]
  2574 | D:3      | Slain by Edmund

Illustrated notes

Levels and vault maps discovered:
D:1:      amcnicky_arrival_feature_with_door, layout_basic
D:2:      layout_basic, basic_altar, hex_medium,
          hangedman_decor_clover_reticule, uniq_jessica
D:3:      layout_rooms, hangedman_glass_teeth, grunt_decor_cap
D:4:      layout_gridville, chequers_garden, solitary_fountain, uniq_edmund

Skill      XL: |  1  2  3  4 |
---------------+-------------+-----
Fighting       | 2 3 |  3.0
Armour         | 4 |  4.3
Maces & Flails | 1 |  1.7
Short Blades   | |  0.5
Staves         | |  1.2
Throwing       | |  5.4

Action                     |  1- 3 |  4- 6 || total
---------------------------+-------+-------++-------
  Melee: Dagger            |    10 |       ||    10
         Mace              |    50 |    53 ||   103
         Headbutt          |     6 |     3 ||     9
         Punch             |       |     1 ||     1
  Throw: Boomerang         |     2 |     9 ||    11
    Use: Scroll            |     1 |     5 ||     6
         Potion            |       |     3 ||     3
 Armour: Ring mail         |    33 |    19 ||    52
         Skin              |       |    28 ||    28
  Dodge: Dodged            |    26 |    22 ||    48

Table legend: (Time is in decaauts)
 A = Elapsed time spent in this place.
 B = Non-inter-level travel time spent in this place.
 C = Inter-level travel time spent in this place.
 D = Time resting spent in this place.
 E = Time spent auto-exploring this place.
 F = Levels seen in this place.
 G = Mean time per level.
                   A        B        C        D        E       F      G
               +--------+--------+--------+--------+--------+-----+--------+
         Total |   2608 |   2560 |     48 |    345 |    930 |   4 |  652.0 |
       Dungeon |   2608 |   2560 |     48 |    345 |    930 |   4 |  652.0 |
               +--------+--------+--------+--------+--------+-----+--------+

Top non-repeatable levels by time:
     D:2: 935 daAuts
     D:3: 888 daAuts
     D:1: 780 daAuts
     D:4: 3 daAuts
